 Dungeon Crawl Stone Soup version 0.30.0-17-ge0270778cf (webtiles) character file.

Game seed: 3315300921056208689

6 Esekla the Magician (level 2, 0/23 HPs)
             Began as a Meteoran Hedge Wizard on May 21, 2023.
             Slain by an ufetubus (2 damage)
             ... on level 6 of the Dungeon.
             The game lasted 00:02:40 (239 turns).

Esekla the Magician (Meteoran Hedge Wizard)          Turns: 239, Time: 00:02:40

Health: 0/23       AC:  2    Str: 11    XL:     2   Next: 11%
Magic:  8/8        EV: 12    Int: 15    God:
Gold:   22         SH:  0    Dex: 13    Spells: 6/9 levels left

rFire   . . .        a - +0 dagger
rCold   . . .        (no shield)
rNeg    . . .        b - +0 robe
rPois   .            c - +0 hat
rElec   .            (no cloak)
rCorr   .            (no gloves)
SInv    .            (no boots)
Will    .....        (no amulet)
Stlth   +            (no ring)
HPRegen 0.23/turn    (no ring)
MPRegen 0.11/turn

%: no passive effects
@: glowing
A: sense surroundings 1, otherworldly, glowing, explore regen
a: no special abilities


You were on level 6 of the Dungeon.
You visited 1 branch of the dungeon, and saw 6 of its levels.

You collected 22 gold pieces.

Inventory:

Hand Weapons
 a - a +0 dagger (weapon)
Armour
 b - a +0 robe (worn)
 c - a +0 hat (worn)
 k - a +0 cloak
Scrolls
 f - a scroll of acquirement {unknown}
 i - a scroll of fear {unknown}
Potions
 d - a potion of magic
 e - a potion of heal wounds {unknown}
 g - 2 potions of curing {unknown}
 h - a potion of lignification {unknown}
 j - 2 potions of flight {unknown}


   Skills:
 * Level 1.0 Fighting
 + Level 2.4 Dodging
 - Level 1.4 Stealth
 * Level 4.2 Spellcasting
 * Level 1.2 Conjurations
 + Level 1.2 Summonings
 * Level 1.2 Translocations
 * Level 0.3 Air Magic


You had 6 spell levels left.
You knew the following spells:

 Your Spells              Type           Power      Damage    Failure   Level
a - Magic Dart            Conj           24%        1d4       11%         1
b - Blink                 Tloc           12%        N/A       16%         2

Your spell library contained the following spells:

 Spells                   Type           Power      Damage    Failure   Level
 Call Imp                 Summ           12%        N/A       16%         2
 Slow                     Hex            12%        N/A       19%         1
 Cigotuvi's Dreadful Rot  Necr/Pois/Air  6%         N/A       26%         2
 Mephitic Cloud           Conj/Pois/Air  4%         N/A       41%         3


Dungeon Overview and Level Annotations

Branches:
Dungeon (6/15) Zot: 3361
 Temple: D:4-7

Altars:
Yredelemnul


Innate Abilities, Weirdness & Mutations

You passively map a small area around you.
You are easily found by Zot.
You glow in the dark.
You regain HP and MP as you explore.


Message History

The ufetubus hits you. The ufetubus completely misses you.
There is a stone staircase leading down here.
You hit the ufetubus but do no damage. The ufetubus hits you.
The ufetubus barely misses you. The ufetubus hits you. x2
You hit the ufetubus.
The ufetubus is severely wounded.
The ufetubus completely misses you. The ufetubus hits you.
You hit the ufetubus but do no damage.
The ufetubus is severely wounded.
The ufetubus hits you.
The ufetubus hits you but does no damage.
The ufetubus closely misses you. The ufetubus misses you.
The ufetubus completely misses you. The ufetubus barely misses you.
You climb downwards.
Found a murky sapphire potion and a potion of magic.
Found a stone staircase leading down.
There is a stone staircase leading up here.
You closely miss the ufetubus.
The ufetubus is severely wounded.
The ufetubus hits you but does no damage.
The ufetubus closely misses you. x2; The ufetubus hits you.
You barely miss the ufetubus.
The ufetubus is severely wounded.
The ufetubus hits you. The ufetubus closely misses you.
You miss the ufetubus.
The ufetubus is severely wounded.
The ufetubus hits you. x4
You barely miss the ufetubus.
The ufetubus is heavily wounded.
The ufetubus hits you.
* * * LOW HITPOINT WARNING * * *
The ufetubus barely misses you.
You hit the ufetubus but do no damage.
The ufetubus is heavily wounded.
The ufetubus hits you.
* * * LOW HITPOINT WARNING * * *
The ufetubus hits you.
* * * LOW HITPOINT WARNING * * *
The ufetubus hits you.
You die...

* * * ..## , ,
*#..# * , , #..#
* * #..# , ,
,...# * *.* *
...# * ,
....####...####
* #.!...@.......
,
.....!..5......,
*,* *
##..>..........
, , , **
#.#####...#### *
, .. *...# # **
...# , ...# , *
...# *,


You could see an ufetubus.

Vanquished Creatures
  A dart slug (D:2)
  A hobgoblin (D:3)
  A ball python (D:2)
  A frilled lizard (D:2)
  A kobold (D:4)
5 creatures vanquished.

Notes
Turn   | Place    | Note
-------+----------+-------------------------------------------
     0 | D:1      | Esekla the Meteoran Hedge Wizard began the quest for the
                  | Orb.
     0 | D:1      | Reached XP level 1. HP: 14/14 MP: 6/6
    70 | D:2      | Found a basalt altar of Yredelemnul.
   136 | D:3      | Reached skill level 1 in Fighting
   136 | D:3      | Reached XP level 2. HP: 16/23 MP: 5/8
   174 | D:2      | You fall into a shaft and drop 2 floors!
   184 | D:4      | Noticed a phantom
   194 | D:5      | Entered Level 5 of the Dungeon
   206 | D:5      | Learned a level 2 spell: Blink
   228 | D:5      | Noticed a quasit
   239 | D:6      | Slain by an ufetubus

Illustrated notes

Levels and vault maps discovered:
D:1:      minmay_arrival_nine_rooms, layout_loops_cross
D:2:      layout_basic, basic_altar
D:3:      layout_rooms, serial_shops, shop, st_stairs_10, minmay_misc_feat_room,
          uniq_natasha
D:4:      layout_basic, serial_corexii_hall, corexii_hall_statues_t,
          corexii_hall_statues_t, kennysheep_big_empty_room, uniq_menkaure,
          uniq_robin, uniq_sigmund
D:5:      layout_basic, nicolae_ru_path_of_blood,
          mainiacjoe_overflow_six_doors_small, minmay_temple_entry_mist,
          serial_demonic, serial_demonic_b, serial_demonic_a, serial_demonic_e,
          serial_demonic_f, serial_bayou_pond_e, solitary_fountain, uniq_edmund,
          uniq_eustachio
D:6:      layout_loops_cross, feat_on_display

Skill      XL: |  1 |
---------------+----+-----
Fighting       | 1 |  1.0
Dodging        | |  2.4
Stealth        | |  1.4
Spellcasting   | |  4.2
Conjurations   | |  1.2
Summonings     | |  1.2
Translocations | |  1.2
Air Magic      | |  0.3

Action                     || total
---------------------------++-------
  Melee: Dagger            ||    26
   Cast: Magic Dart        ||     4
 Armour: Robe              ||     4
  Dodge: Dodged            ||    22
